 Dungeon Crawl Stone Soup version 0.31.0-32-g396128a36d (webtiles) character file.

Game seed: 1880984990059206625

14127 metalburner8 the Zephyrmancer (level 11, -1/74 HPs)
             Began as a Black Draconian Ice Elementalist on Apr 9, 2024.
             Was a High Priest of Dithmenos.
             Slain by a killer bee (8 damage)
             ... on level 11 of the Dungeon.
             The game lasted 00:49:21 (12822 turns).

metalburner8 the Zephyrmancer (DrIE)               Turns: 12822, Time: 00:49:23

Health: -1/74      AC: 12    Str: 12    XL:     11   Next: 84%
Magic:  3/27       EV: 12    Int: 24    God:    Dithmenos [*****.]
Gold:   616        SH:  5    Dex: 14    Spells: 16/34 levels left

rFire   . . .        b - +7 dagger "Rautwuf" {venom, *Rage Int+5 Dex+3}
rCold   . . .        (no shield)
rNeg    + . .        (body armour unavailable)
rPois   .            (helmet restricted)
rElec   +            v - +0 cloak
rCorr   +            H - +2 pair of gloves
SInv    .            A - +0 pair of boots
Will    .....        q - amulet of reflection
Stlth   +++          x - ring of resist corrosion
HPRegen 0.32/turn    i - ring of positive energy
MPRegen 0.20/turn

%: random rage (20%), reflection
@: lethally poisoned (-1 -> -3), on berserk cooldown, freezing walls, slowed,
wreathed by umbra, very slow
A: breathe lightning, AC +7, unfitting armour, electricity resistance,
cold-blooded, wild magic 1
a: Breathe Lightning, Renounce Religion, Shadow Step, Shadow Form


You were on level 11 of the Dungeon.
You worshipped Dithmenos.
Dithmenos was extremely pleased with you.
You visited 2 branches of the dungeon, and saw 12 of its levels.
You also visited: Bailey.

You collected 616 gold pieces.

Inventory:

Hand Weapons
 b - the +7 dagger "Rautwuf" (weapon) {venom, *Rage Int+5 Dex+3}
   (You found it on level 2 of the Dungeon)

   Int+5:     It affects your intelligence (+5).
   Dex+3:     It affects your dexterity (+3).
   *Rage:     It berserks you when you make melee attacks (+20% chance).
Missiles
 y - 3 throwing nets
 G - 3 boomerangs
Armour
 d - a +0 pair of gloves
 v - a +0 cloak (worn)
 A - a +0 pair of boots (worn)
 H - a +2 pair of gloves (worn)
Magical Staves
 o - a staff of conjuration
Jewellery
 e - a +6 ring of strength
 i - a ring of positive energy (right hand)
 q - an amulet of reflection (around neck)
 x - a ring of resist corrosion (left hand)
 z - an amulet of the acrobat
Wands
 u - a wand of charming (13)
 E - a wand of flame (25)
 I - a wand of roots (7)
 J - a wand of digging (9)
Scrolls
 h - 2 scrolls of teleportation
 k - 2 scrolls of immolation
 l - 3 scrolls of vulnerability
 s - a scroll of fear
 t - 4 scrolls of brand weapon
 w - a scroll of poison
 F - a scroll of blinking
 K - a scroll of revelation
Potions
 a - 6 potions of magic
 c - a potion of degeneration {unknown}
 f - 5 potions of cancellation {unknown}
 g - 3 potions of attraction {unknown}
 j - 2 potions of berserk rage {unknown}
 m - 3 potions of curing
 n - a potion of heal wounds
 p - 5 potions of invisibility
 r - 3 potions of brilliance {unknown}
 B - 2 potions of might
 C - 2 potions of haste
 D - a potion of resistance {unknown}


   Skills:
 - Level 1.7 Dodging
 - Level 1.7 Stealth
 - Level 12.0 Spellcasting
 - Level 4.0 Ice Magic
 - Level 14.0 Air Magic
 + Level 9.1 Invocations


You had 16 spell levels left.
You knew the following spells:

 Your Spells              Type           Power      Damage    Failure   Level
a - Freeze                Ice            100%       1d10      1%          1
b - Frozen Ramparts       Ice            86%        1d13      4%          3
c - Ozocubu's Armour      Ice            43%        N/A       4%          3
d - Summon Ice Beast      Ice/Summ       31%        N/A       9%          3
e - Shock                 Conj/Air       100%       1d9       1%          1
f - Swiftness             Air            82%        N/A       1%          3
g - Airstrike             Air            41%        2d(6-22)  1%          4

Your spell library contained the following spells:

 Spells                   Type           Power      Damage    Failure   Level
 Ensorcelled Hibernation  Hex/Ice        62%        N/A       4%          2
 Passwall                 Erth           18%        N/A       19%         3
 Leda's Liquefaction      Alch/Erth      9%         N/A       47%         4
 Lee's Rapid Deconstruct  Erth           9%         3d7*      82%         5
 Bombard                  Conj/Erth      9%         9d2       100%        6


Dungeon Overview and Level Annotations

Branches:
Dungeon (11/15)            Temple (1/1) D:4            Lair (0/5) D:9
 Bailey (visited)
    Orc: D:9-12

Altars:
Ashenzari
Cheibriados
Dithmenos
Elyvilon
Fedhas
Gozag
Hepliaklqana
Kikubaaqudgha
Makhleb
Nemelex Xobeh
Okawaru
Qazlal
Ru
Sif Muna
Trog
Uskayaw
Vehumet
Wu Jian
Xom
Yredelemnul
Zin
The Shining One
Lugonu

Portals:
Trove: D:11 (show abyssal rune of Zot)

Annotations:
D:5 3 runed translucent doors, Hnaef's ghost, amateur FeSh
D:9 Harold


Innate Abilities, Weirdness & Mutations

You can breathe wild blasts of lightning.
Your glossy black scales are hard. (AC +7)
You cannot fit into any form of body armour.
You are resistant to electric shocks. (rElec)
You are cold-blooded and may be slowed by cold attacks.
Your spells are a little harder to cast, but a little more powerful.


Message History

The killer bee poisons you!
The killer bee stings you but does no damage. x2
The killer bee barely misses you.
The killer bee stings you but does no damage.
You feel very sick.
The killer bee attacks as it pursues you!
The killer bee misses you. The killer bee barely misses you.
The killer bee closely misses you.
Casting: Frozen Ramparts (dangerous; 4% risk of failure)
Confirm with . or Enter, or press ? or * to list all spells.
Casting: Frozen Ramparts (dangerous; 4% risk of failure)
Press: ? - help, Dir - look around, f - activate This square is wreathed by an umbra.
The walls around you are covered in ice.
You feel sick.
The wall freezes the killer bee.
The killer bee closely misses you.
The wall freezes the killer bee. x4
The killer bee closely misses you.
The wall freezes the killer bee but does no damage.
The wall freezes the killer bee!
The wall freezes the killer bee. x2
The killer bee stings you!
* * * LOW HITPOINT WARNING * * *
The wall freezes the killer bee. x3
You kill the killer bee!
Dithmenos accepts your kill.
You can now transform into a swirling mass of shadows.
Casting: Frozen Ramparts (dangerous; 4% risk of failure)
Confirm with . or Enter, or press ? or * to list all spells.
Aiming: Freeze (safe; 1% risk of failure)
Press: ? - help, Shift-Dir - straight line, f - killer bee
Aim: a killer bee (heavily wounded, umbra)
You freeze the killer bee!
You kill the killer bee!
Dithmenos accepts your kill.
You feel sick.
The wall freezes the killer bee but does no damage.
The wall freezes the killer bee.
You kill the killer bee!
Dithmenos accepts your kill.
The wall freezes the killer bee.
The killer bee stings you!
You die...

########.## #.# #.........#######
### #.####.....!.!†!# ..#
#.........#....†# #.#
##..###....#†.†!!# #.#
#.).....††.#†!..†# #.#
#.....††#.##....!# ..#
#.#.###y### .†!†.# #.# ..# #.#.#
#@# ###### ... <.# #.#.# #.#
##'## #.# >## #.#.# #.# ##...##
#.# .# #.#.###.# ##.....## #.#
.## #.....(.# ##.......###.#
..########.#....####.........##.#
...................'.........'...
.....#####......####.........##.#
.###.# #.#....# ##.......###..


You could see a killer bee.

Vanquished Creatures
  A centaur warrior (D:10)
  A boulder beetle (D:11)
  A two-headed ogre (D:11)
  A cyclops (D:11)
  A manticore (D:10)
  Maurice (D:7)
  2 unseen horrors
  3 kobold demonologists (D:10)
  3 trolls
  A queen bee (D:11)
  Grinder (D:3)
  A wyvern (D:10)
  9 yaks
  A wraith (D:9)
  3 steam dragons
  2 acid dragons
  4 water moccasins
  An ice beast (D:7)
  6 orc warriors
  4 black bears
  12 centaurs
  3 bullfrogs
  A gnoll sergeant (D:11)
  2 scorpions
  8 wights (D:9)
  28 killer bees
  2 bombardier beetles
  4 howler monkeys
  2 jellies (D:7)
  2 hounds
  8 orc priests
  A gnoll bouda (D:7)
  6 iguanas
  9 orc wizards
  4 adders
  27 gnolls
  A shadow imp (D:5)
  2 white imps
  An ufetubus (D:7)
  2 dart slugs (D:4)
  A ribbon worm (D:2)
  48 orcs
  2 ball pythons
  4 endoplasms
  A giant cockroach (D:2)
  3 goblins
  6 hobgoblins
  4 quokkas
  6 bats
  2 frilled lizards (D:1)
  9 kobolds
  4 rats
262 creatures vanquished.

Vanquished Creatures (collateral kills)
  A cyclops (D:11)
  2 yaks
  An orc warrior (D:10)
  A scorpion (D:9)
  A wight (D:9)
  2 killer bees (D:11)
  Terence (D:3)
  Natasha (D:3)
  A shadow imp (D:7)
  An ufetubus (D:7)
  3 orcs
15 creatures vanquished.

Vanquished Creatures (others)
  3 gnolls (D:8)
3 creatures vanquished.

Grand Total: 280 creatures vanquished

Notes
Turn   | Place    | Note
-------+----------+-------------------------------------------
     0 | D:1      | metalburner8 the Draconian Ice Elementalist began the quest
                  | for the Orb.
     0 | D:1      | Reached XP level 1. HP: 14/14 MP: 3/3
   373 | D:1      | Reached XP level 2. HP: 20/20 MP: 3/5
   902 | D:2      | Reached XP level 3. HP: 26/26 MP: 1/7
   910 | D:2      | Identified the +7 dagger "Rautwuf" {venom, *Rage Int+5
                  | Dex+3}
  1226 | D:2      | Learned a level 3 spell: Frozen Ramparts
  1926 | D:3      | Reached XP level 4. HP: 33/33 MP: 8/10
  2155 | D:3      | Noticed Grinder
  2158 | D:3      | You fall into a shaft and drop 1 floor!
  2480 | D:4      | Reached XP level 5. HP: 38/38 MP: 6/12
  2498 | D:4      | Reached skill level 5 in Spellcasting
  2659 | D:4      | Found a broken altar of Ashenzari.
  2951 | D:4      | Found a staircase to the Ecumenical Temple.
  2982 | Temple   | Entered the Ecumenical Temple
  3045 | Temple   | Became a worshipper of Dithmenos the Shadowed
  3110 | D:5      | Entered Level 5 of the Dungeon
  3122 | D:5      | Reached XP level 6. HP: 45/45 MP: 8/14
  3189 | D:5      | Found a snail-covered altar of Cheibriados.
  3294 | D:5      | Found a runed translucent gate.
  3294 | D:5      | Found a runed translucent gate.
  3294 | D:5      | Found a runed translucent gate.
  3496 | D:5      | Found an ornate altar of the Wu Jian Council.
  3496 | D:5      | Found a shimmering altar of Xom.
  3668 | D:5      | Found a blossoming altar of Fedhas.
  3730 | D:5      | Your scales start taking on a glossy black colour.
  3730 | D:5      | Reached XP level 7. HP: 38/50 MP: 11/17
  3730 | D:5      | Gained mutation: You are resistant to electric shocks.
                  | (rElec) [Black Draconian growth]
  3847 | D:5      | Noticed Hnaef's ghost (amateur FeSh)
  4047 | D:5      | Learned a level 3 spell: Ozocubu's Armour
  4051 | D:5      | Learned a level 3 spell: Summon Ice Beast
  4053 | D:5      | Learned a level 1 spell: Shock
  4057 | D:5      | Learned a level 3 spell: Swiftness
  4062 | D:5      | Learned a level 4 spell: Airstrike
  4211 | D:3      | Paralysed by Grinder for 2 turns
  4216 | D:3      | Paralysed by Grinder for 3 turns
  4227 | D:3      | Killed Grinder
  4362 | D:3      | Noticed Natasha
  4370 | D:3      | Killed Natasha
  4547 | D:3      | Noticed Terence
  4557 | D:3      | Killed Terence
  4792 | D:6      | Gained mutation: You occasionally lose the ability to drink
                  | potions when taking damage. [potion of mutation]
  4792 | D:6      | Gained mutation: Your flesh is heat resistant. (rF+)
                  | [potion of mutation]
  4892 | D:6      | Reached * piety under Dithmenos
  5191 | D:6      | Reached XP level 8. HP: 21/57 MP: 10/20
  5906 | D:7      | Reached skill level 10 in Spellcasting
  5908 | D:7      | Reached ** piety under Dithmenos
  6137 | D:7      | Found an iron altar of Okawaru.
  6225 | D:7      | Noticed Maurice
  6233 | D:7      | Maurice stole a staff of conjuration
  6237 | D:7      | Something stole an amulet of reflection
  6242 | D:7      | Something stole 288 gold
  6249 | D:7      | Killed Maurice
  6250 | D:7      | Reached XP level 9. HP: 37/62 MP: 3/24
  6803 | D:8      | Found a sparkling altar of Nemelex Xobeh.
  7045 | D:8      | Found a flagged portal.
  7121 | Bailey   | Entered a bailey
  7247 | Bailey   | Reached skill level 1 in Air Magic
  7335 | Bailey   | Reached skill level 2 in Air Magic
  7345 | Bailey   | Reached skill level 3 in Air Magic
  7345 | Bailey   | Reached *** piety under Dithmenos
  7903 | D:8      | Reached skill level 4 in Air Magic
  7988 | D:8      | Reached skill level 5 in Air Magic
  8450 | D:9      | Reached skill level 6 in Air Magic
  8772 | D:9      | Reached skill level 7 in Air Magic
  8784 | D:9      | Noticed a troll
  8883 | D:9      | Reached XP level 10. HP: 69/69 MP: 17/26
  9023 | D:9      | Reached skill level 8 in Air Magic
  9137 | D:9      | Reached skill level 9 in Air Magic
  9214 | D:9      | Reached skill level 10 in Air Magic
  9839 | D:9      | Found a staircase to the Lair.
  9987 | D:9      | Lost mutation: Your flesh is heat resistant. (rF+) [potion
                  | of mutation]
  9987 | D:9      | Lost mutation: You occasionally lose the ability to drink
                  | potions when taking damage. [potion of mutation]
  9987 | D:9      | Gained mutation: You passively dampen the noise of your
                  | surroundings. [potion of mutation]
  9987 | D:9      | Lost mutation: You passively dampen the noise of your
                  | surroundings. [potion of mutation]
  9987 | D:9      | Gained mutation: Your spells are a little harder to cast,
                  | but a little more powerful. [potion of mutation]
  9989 | D:10     | Entered Level 10 of the Dungeon
 10076 | D:10     | Reached skill level 11 in Air Magic
 10189 | D:10     | Noticed a smoke demon
 10191 | D:10     | Reached skill level 12 in Air Magic
 10263 | D:10     | Found a corrupted altar of Lugonu.
 10277 | D:10     | Found an ancient bone altar of Kikubaaqudgha.
 10357 | D:10     | Noticed a centaur warrior
 10359 | D:10     | Noticed a manticore
 10363 | D:10     | Killed a centaur warrior
 10367 | D:10     | Reached skill level 13 in Air Magic
 10369 | D:10     | Reached XP level 11. HP: 40/74 MP: 16/27
 10374 | D:10     | Reached **** piety under Dithmenos
 10522 | D:10     | Found a shimmering blue altar of Sif Muna.
 10590 | D:10     | Reached skill level 14 in Air Magic
 10614 | D:10     | Reached skill level 1 in Invocations
 10927 | D:10     | Noticed Harold
 11295 | D:10     | Found a glowing silver altar of Zin.
 11295 | D:10     | Found a glowing golden altar of the Shining One.
 11295 | D:10     | Found a white marble altar of Elyvilon.
 11445 | D:11     | Found a portal to a secret trove of treasure.
 11583 | D:11     | Noticed a boulder beetle
 11611 | D:11     | Killed a boulder beetle
 11840 | D:11     | Reached skill level 5 in Invocations
 12058 | D:11     | Noticed a two-headed ogre
 12068 | D:11     | Killed a two-headed ogre
 12402 | D:11     | Noticed a necromancer
 12821 | D:11     | Reached ***** piety under Dithmenos
 12822 | D:11     | Slain by a killer bee

Illustrated notes

Levels and vault maps discovered:
D:1:      ebering_hopf_link, layout_loops_ring, corexii_corridor_pit,
          bh_walls_and_bars
D:2:      layout_loops_ring
D:3:      layout_basic, item_on_display_a, uniq_terence, uniq_natasha,
          uniq_grinder
D:4:      layout_basic, ashenzari_altar_1, lemuel_temple_firewalk_a,
          dreamdust_gnoll_farm
D:5:      layout_rooms, jmf_multi_god_temple, fedhas_altar_1,
          lemuel_round_altar, gammafunk_ghost_icy
D:6:      layout_basic, hangedman_decor_push
D:7:      layout_loops_cross, mainiacjoe_overflow_paths, uniq_maurice
D:8:      layout_basic, nemelex_spade_bored_becter, enter_bailey_1
D:9:      layout_basic, due_lair_maze_entry_diamond
D:10:     kennysheep_kobold_lugonu_temple, layout_cave_pools,
          good_gods_mini_temple, nicolae_kikubaaqudgha_miasma_corner,
          minmay_ruined_shrine, uniq_harold
D:11:     layout_loops_corners, nicolae_trove_entry_free_sample, special_room
          [special_room_bee], kennysheep_nub, eino_house_with_fridge
Temple:   chequers_temple_sunken

Skill      XL: |  1  2  3  4  5  6  7  8  9 10 11 |
---------------+----------------------------------+-----
Spellcasting   | 3 4 5 7 8 11 12 | 12.0
Air Magic      | 7 13 14 | 14.0
Invocations    | 9 |  9.1
Dodging        | |  1.7
Stealth        | |  1.7
Ice Magic      | |  4.0

Action                     |  1- 3 |  4- 6 |  7- 9 | 10-12 || total
---------------------------+-------+-------+-------+-------++-------
  Melee: Unarmed           |     3 |       |       |       ||     3
         Tailslap          |     3 |     3 |     5 |     1 ||    12
         Dagger            |     5 |    18 |    35 |     9 ||    67
         Punch             |       |     1 |       |       ||     1
   Cast: Freeze            |    49 |    59 |    95 |    81 ||   284
         Frozen Ramparts   |     1 |    11 |    22 |    37 ||    71
         Summon Ice Beast  |       |       |    16 |    27 ||    43
         Shock             |       |       |    69 |    72 ||   141
         Swiftness         |       |       |     2 |     1 ||     3
         Ozocubu's Armour  |       |       |     1 |       ||     1
         Airstrike         |       |       |       |     3 ||     3
Ability: Breathe Lightning |       |       |     4 |       ||     4
  Evoke: Wand              |       |       |       |     1 ||     1
    Use: Scroll            |     6 |     2 |     7 |     4 ||    19
         Potion            |       |       |     1 |     6 ||     7
 Armour: Skin              |    32 |    42 |   139 |   164 ||   377
  Dodge: Dodged            |    28 |    49 |   140 |   136 ||   353
  Block: Other             |       |       |    18 |    44 ||    62
         Reflection        |       |       |     1 |     7 ||     8
